 Dungeon Crawl Stone Soup version 0.21.1-1-g345015fe64 (webtiles) character file.

182 JOKERXD40 the Chopper (level 5, -30/47 HPs)
             Began as a Hill Orc Monk on July 5, 2018.
             Killed from afar by a wight (32 damage)
             ... with an exploding inner flame
             ... hexed by the player character
             ... on level 2 of the Dungeon.
             The game lasted 00:06:27 (2632 turns).

JOKERXD40 the Chopper (Hill Orc Monk)               Turns: 2632, Time: 00:06:28

Health: -30/47     AC:  9    Str: 15    XL:     5   Next: 61%
Magic:  5/5        EV:  7    Int: 10    God:
Gold:   102        SH:  0    Dex: 13    Spells: 4/4 levels left

rFire    . . .     SeeInvis .   a - +0 hand axe
rCold    . . .     Gourm    +   (no shield)
rNeg     . . .     Faith    .   n - +0 chain mail
rPois    .         Spirit   .   (no helmet)
rElec    .         Reflect  .   (no cloak)
rCorr    .         Harm     .   g - +0 pair of gloves
MR       .....                  (no boots)
Stlth    ..........             e - amulet of the gourmand
HPRegen  0.15/turn              (no ring)
MPRegen  0.09/turn              (no ring)

@: drained
A: no striking features
a: no special abilities


You were on level 2 of the Dungeon.
You were not hungry.

You visited 1 branch of the dungeon, and saw 3 of its levels.

You collected 102 gold pieces.

Inventory:

Hand Weapons
 a - a +0 hand axe (weapon)
 o - a +1 hunting sling of freezing
Missiles
 p - 20 stones (quivered)
Armour
 g - a +0 pair of gloves (worn)
 n - a +0 chain mail (worn)
Jewellery
 e - an amulet of the gourmand (around neck)
Wands
 b - a wand of flame (28)
Scrolls
 f - a scroll of magic mapping {unknown}
 h - 4 scrolls of identify
Potions
 d - a potion of cancellation {unknown}
 i - 3 potions of curing
 k - a potion of flight {unknown}
 l - a potion of heal wounds {unknown}
 m - a potion of haste {unknown}
Comestibles
 c - 4 rations


   Skills:
 + Level 4.4(3.3) Fighting
 + Level 5.7(4.5) Axes
 + Level 1.6(0.5) Slings
 + Level 1.6(0.5) Armour
 + Level 2.9(1.8) Dodging
 + Level 2.0(1.0) Stealth


You had 4 spell levels left.
You didn't know any spells.

Dungeon Overview and Level Annotations

Branches:
Dungeon (3/15)

Altars:
Elyvilon
Makhleb
Yredelemnul


Message History

Things that are here:
a dire flail; a robe You hit the wight.
The wight is almost destroyed.
The wight hits you with a hand axe.
* * * LOW HITPOINT WARNING * * *
You hit the wight but do no damage.
The wight is almost destroyed.
The wight hits you but does no damage.
You hit the wight but do no damage.
The wight is almost destroyed.
The wight hits you but does no damage.
You closely miss the wight.
The wight is almost destroyed.
The wight barely misses you.
You hit the wight.
The wight explodes!
The fiery explosion engulfs you!
Ouch! That really hurt!
You die...

###...###<# #..######.# #.#
#.##### #.# #.........# ##'## #.#
#.# #.# #.###########...## #.#
#.# #.# #.#### ##.....#
#.###.###)# #.##.## ##.......
#.........######.#...####........
'.......................'........
#.##....########.#...####........
#.##..#.# #@##.## ##.......
#.##.##[# #§#### ##.....#
#.##.##.# #§§..# ##...##
#.......# ####.# #######+##
####.#### #.# #.......# ####.#
#.# #†####..# ..##.#
#.###.####..### #.##.#
#.......##..... ..##.#
#####.#........


There were no monsters in sight!

Vanquished Creatures
  A wight (D:2)
  Terence (D:2)
  4 gnolls (D:2)
  4 adders (D:2)
  2 worms (D:2)
  3 dart slugs
  2 giant cockroaches (D:1)
  6 goblins
  2 hobgoblins
  5 kobolds
  3 bats
  2 frilled lizards
  2 rats
37 creatures vanquished.

Notes
Turn   | Place    | Note
-------+----------+-------------------------------------------
     0 | D:1      | JOKERXD40 the Hill Orc Monk began the quest for the Orb.
     0 | D:1      | Reached XP level 1. HP: 19/19 MP: 1/1
   264 | D:1      | Reached XP level 2. HP: 24/27 MP: 2/2
   915 | D:2      | Found a white marble altar of Elyvilon.
  1197 | D:2      | Reached XP level 3. HP: 31/33 MP: 3/3
  1513 | D:2      | Noticed Terence
  1534 | D:2      | Killed Terence
  1534 | D:2      | Reached skill level 5 in Axes
  1605 | D:2      | Reached XP level 4. HP: 16/40 MP: 4/4
  1615 | D:2      | Found a burning altar of Makhleb.
  2188 | D:2      | Reached XP level 5. HP: 40/47 MP: 5/5
  2261 | D:2      | Reached skill level 1 in Armour
  2439 | D:2      | Found a basalt altar of Yredelemnul.
  2515 | D:2      | Reached skill level 1 in Slings
  2628 | D:2      | HP: 1/47 [wight/hand axe (6)]
  2632 | D:2      | Killed from afar by a wight

Skill      XL: |  1  2  3  4  5 |
---------------+----------------+-----
Fighting       | 4 |  4.4
Axes           | 5 |  5.7
Stealth        | 2 |  2.0
Armour         | 1 |  1.6
Slings         | 1 |  1.6
Dodging        | |  2.9

Action                   |  1- 3 |  4- 6 || total
-------------------------+-------+-------++-------
Melee: Hand axe          |   120 |    38 ||   158
 Fire: Hunting sling     |     1 |    54 ||    55
  Use: Scroll            |       |     3 ||     3
       Potion            |       |     2 ||     2
 Stab: Sleeping          |     2 |       ||     2
  Eat: Chunk             |     6 |     2 ||     8
Armor: Robe              |    26 |       ||    26
       Chain mail        |    22 |    31 ||    53
Dodge: Dodged            |    76 |    26 ||   102
